TOP OF THE 1ST |
---|
Vanderbilt Commodores batting - Pitching for Southern California Trojans : RHP Jonathan Willis | Pitching: RHP Jonathan Willis | | Batting: RHB Johnny Becker | 0-0: Called Strike 0-1: Ball 1-1: Fly out, F7 (Flyball, 7) | Batting: RHB Greg Scott | 0-0: Ball 1-0: Ball 2-0: Called Strike 2-1: Ball 3-1: Foul Ball, location: 2F 3-2: Strikes out swinging | Batting: RHB Jim Harris | 0-0: Called Strike 0-1: Ball 1-1: Ball 2-1: Ball 3-1: Base on Balls | Batting: LHB Luis Miguel Martínez | 0-0: Called Strike 0-1: Ball 1-1: Ball 2-1: Ball 3-1: Called Strike 3-2: Base on Balls Jim Harris to second | Batting: RHB Tom Jones | 0-0: Ball 1-0: Swinging Strike 1-1: Ball 2-1: Ball 3-1: 3-RUN HOME RUN (Flyball, 9D), Distance : 346 ft | Batting: RHB Sergio Gómez | 0-0: Ball 1-0: Ball 2-0: Ball 3-0: Base on Balls | Batting: RHB Roland Murphy | 0-0: Called Strike 0-1: Ball 1-1: Foul Ball, location: 2F 1-2: Strikes out swinging | Top of the 1st over - 3 runs, 1 hit, 0 errors, 1 left on base; Vanderbilt 3 - Southern California 0 | BOTTOM OF THE 1ST |
---|
Southern California Trojans batting - Pitching for Vanderbilt Commodores : RHP Carlos Zamora | Pitching: RHP Carlos Zamora | | Batting: RHB Chris Bennett | 0-0: Ball 1-0: Called Strike 1-1: Called Strike 1-2: Ball 2-2: Fly out, F8 (Line Drive, 8LM) | Batting: RHB Keith Jewell | 0-0: Called Strike 0-1: Ball 1-1: Ball 2-1: Ball 3-1: Base on Balls | Batting: RHB Ben Martínez | 0-0: Foul Ball, location: 2F 0-1: Ball 1-1: Ball 2-1: Swinging Strike 2-2: Strikes out swinging | Batting: RHB John Fergusson | 0-0: Ball 1-0: Ball 2-0: Ball 3-0: Base on Balls Keith Jewell to second | Batting: LHB Carl Hodge | 0-0: Ball 1-0: Ball 2-0: Ball 3-0: Called Strike 3-1: Foul Ball, location: 2F 3-2: Foul Ball, location: 2F 3-2: Base on Balls Keith Jewell to third John Fergusson to second | Batting: RHB Homer Griffin | 0-0: Ball 1-0: SINGLE (Groundball, 4MD) Keith Jewell scores John Fergusson to third Carl Hodge to second Runner from 3rd tries for Home, SAFE, throw made home | Batting: RHB Max MacKieson | 0-0: Ball 1-0: Ball 2-0: Ball 3-0: Base on Balls Carl Hodge to third Homer Griffin to second | Batting: SHB Will O'Clerkin | 0-0: SINGLE (Line Drive, 6M) Carl Hodge scores Homer Griffin to third Max MacKieson to second Runner from 3rd tries for Home, SAFE, throw made home | Batting: RHB Fletcher López | 0-0: Ball 1-0: Called Strike 1-1: Fly out, F6 (Popup, 6MS) | Bottom of the 1st over - 4 runs, 2 hits, 0 errors, 2 left on base; Vanderbilt 3 - Southern California 4 | TOP OF THE 2ND |
---|
Vanderbilt Commodores batting - Pitching for Southern California Trojans : RHP Jonathan Willis | Batting: SHB Jeremy Finley | 0-0: Ball 1-0: Called Strike 1-1: Swinging Strike 1-2: Ball 2-2: Strikes out looking | Batting: RHB Xavier Pérez | 0-0: Called Strike 0-1: Ball 1-1: Foul Ball, location: 2F 1-2: Ball 2-2: Strikes out swinging | Batting: RHB Johnny Becker | 0-0: Ball 1-0: Ball 2-0: Ball 3-0: Base on Balls | Batting: RHB Greg Scott | 0-0: Ball 1-0: Ball 2-0: Fly out, F9 (Flyball, 9LM) | Top of the 2nd over - 0 runs, 0 hits, 0 errors, 1 left on base; Vanderbilt 3 - Southern California 4 | BOTTOM OF THE 2ND |
---|
Southern California Trojans batting - Pitching for Vanderbilt Commodores : RHP Carlos Zamora | Batting: RHB Chris Bennett | 0-0: Ball 1-0: Ball 2-0: Foul Ball, location: 2F 2-1: Called Strike 2-2: Ball 3-2: SINGLE (Groundball, 56) (infield hit) | Batting: RHB Keith Jewell | 0-0: Ball 1-0: Called Strike 1-1: Foul Ball, location: 2F 1-2: Ball 2-2: Strikes out swinging | Batting: RHB Ben Martínez | 0-0: Foul Ball, location: 2F 0-1: Ball 1-1: Fielders Choice at 2nd, 6-4 (Groundball, 6) | Batting: RHB John Fergusson | 0-0: Ball 1-0: DOUBLE (Flyball, 8LXD) Ben Martínez to third Runner from 3rd tries for Home, SAFE, no throw | Batting: LHB Carl Hodge | 0-0: Ball 1-0: Ground out 6-3 (Groundball, 6) | Bottom of the 2nd over - 1 run, 2 hits, 0 errors, 1 left on base; Vanderbilt 3 - Southern California 5 | TOP OF THE 3RD |
---|
Vanderbilt Commodores batting - Pitching for Southern California Trojans : RHP Jonathan Willis | Batting: RHB Jim Harris | 0-0: Ball 1-0: Swinging Strike 1-1: Ball 2-1: Ball 3-1: Called Strike 3-2: SOLO HOME RUN (Flyball, 7LD), Distance : 335 ft | Batting: LHB Luis Miguel Martínez | 0-0: Ball 1-0: Foul Ball, location: 2F 1-1: Called Strike 1-2: Strikes out swinging | Batting: RHB Tom Jones | 0-0: Ball 1-0: Fly out, F9 (Flyball, 9) | Batting: RHB Sergio Gómez | 0-0: Foul Ball, location: 2F 0-1: Ball 1-1: Foul Ball, location: 2F 1-2: Ground out 5-3 (Groundball, 5S) | Top of the 3rd over - 1 run, 1 hit, 0 errors, 0 left on base; Vanderbilt 4 - Southern California 5 | BOTTOM OF THE 3RD |
---|
Southern California Trojans batting - Pitching for Vanderbilt Commodores : RHP Carlos Zamora | Batting: RHB Homer Griffin | 0-0: Ground out 5-3 (Groundball, 5S) | Batting: RHB Max MacKieson | 0-0: Ball 1-0: Foul Ball, location: 2F 1-1: Fly out, F8 (Flyball, 8LS) | Batting: SHB Will O'Clerkin | 0-0: Ball 1-0: Foul Ball, location: 2F 1-1: Ball 2-1: Bunt for hit - play at first, batter OUT! 1-3 | Bottom of the 3rd over - 0 runs, 0 hits, 0 errors, 0 left on base; Vanderbilt 4 - Southern California 5 | TOP OF THE 4TH |
---|
Vanderbilt Commodores batting - Pitching for Southern California Trojans : RHP Jonathan Willis | Batting: RHB Roland Murphy | 0-0: Called Strike 0-1: Fly out, F9 (Flyball, 9LM) | Batting: SHB Jeremy Finley | 0-0: Called Strike 0-1: Swinging Strike 0-2: Ball 1-2: Strikes out looking | Batting: RHB Xavier Pérez | 0-0: SINGLE (Groundball, 6MD) | Batting: RHB Johnny Becker | 0-0: Called Strike Xavier Pérez steals 2nd base 0-1: Ball 1-1: Foul Ball, location: 2F 1-2: Ball 2-2: Strikes out swinging | Top of the 4th over - 0 runs, 1 hit, 0 errors, 1 left on base; Vanderbilt 4 - Southern California 5 | BOTTOM OF THE 4TH |
---|
Southern California Trojans batting - Pitching for Vanderbilt Commodores : RHP Carlos Zamora | Batting: RHB Fletcher López | 0-0: DOUBLE (Line Drive, 8LD) | Batting: RHB Chris Bennett | 0-0: Called Strike 0-1: Foul Ball, location: 2F 0-2: Strikes out looking | Batting: RHB Keith Jewell | 0-0: Swinging Strike 0-1: Ball 1-1: Foul Ball, location: 2F 1-2: Foul Ball, location: 2F 1-2: Ball 2-2: Ground out 4-3 (Groundball, 4) Fletcher López to third | Batting: RHB Ben Martínez | 0-0: SINGLE (Line Drive, 8RM) Fletcher López scores | Batting: RHB John Fergusson | 0-0: Ball Ben Martínez steals 2nd base 1-0: Foul Ball, location: 2F 1-1: Ball 2-1: Foul Ball, location: 2F 2-2: Ball 3-2: Base on Balls | Batting: LHB Carl Hodge | 0-0: Called Strike 0-1: Foul Ball, location: 2F 0-2: Ball 1-2: Ball 2-2: Foul Ball, location: 2F 2-2: 3-RUN HOME RUN (Flyball, 7LD), Distance : 316 ft | Pitching: RHP Chris Harris | | Batting: RHB Homer Griffin | 0-0: Called Strike 0-1: Ball 1-1: Ball 2-1: Ball 3-1: Base on Balls | Batting: RHB Max MacKieson | 0-0: Fly out, F9 (Flyball, 9S) | Bottom of the 4th over - 4 runs, 3 hits, 0 errors, 1 left on base; Vanderbilt 4 - Southern California 9 | TOP OF THE 5TH |
---|
Vanderbilt Commodores batting - Pitching for Southern California Trojans : RHP Jonathan Willis | Batting: RHB Greg Scott | 0-0: Called Strike 0-1: Ball 1-1: Ball 2-1: Ground out 5-3 (Groundball, 56) | Pitching: LHP Thomas Cole | | Batting: RHB Jim Harris | 0-0: Called Strike 0-1: Ball 1-1: Foul Ball, location: 2F 1-2: Strikes out swinging | Batting: LHB Luis Miguel Martínez | 0-0: Fly out, F9 (Line Drive, 9) | Top of the 5th over - 0 runs, 0 hits, 0 errors, 0 left on base; Vanderbilt 4 - Southern California 9 | BOTTOM OF THE 5TH |
---|
Southern California Trojans batting - Pitching for Vanderbilt Commodores : RHP Chris Harris | Batting: SHB Will O'Clerkin | 0-0: Ball 1-0: Called Strike 1-1: Foul Ball, location: 2F 1-2: Strikes out swinging | Batting: RHB Fletcher López | 0-0: Ball 1-0: Ground out 5-3 (Groundball, 5) | Batting: RHB Chris Bennett | 0-0: SOLO HOME RUN (Flyball, 7LD), Distance : 336 ft | Batting: RHB Keith Jewell | 0-0: Called Strike 0-1: Ball 1-1: Ball 2-1: SINGLE (Groundball, 56D) | Batting: RHB Ben Martínez | 0-0: Ball 1-0: Foul Ball, location: 2F 1-1: Ball 2-1: Called Strike 2-2: Ball 3-2: Foul Ball, location: 2F 3-2: Ground out U3 (Groundball, 3L) | Bottom of the 5th over - 1 run, 2 hits, 0 errors, 1 left on base; Vanderbilt 4 - Southern California 10 | TOP OF THE 6TH |
---|
Vanderbilt Commodores batting - Pitching for Southern California Trojans : LHP Thomas Cole | Batting: RHB Tom Jones | 0-0: Fly out, F9 (Flyball, 9LMF) | Batting: RHB Sergio Gómez | 0-0: Ball 1-0: Called Strike 1-1: Ground out 6-3 (Groundball, 6) | Batting: RHB Roland Murphy | 0-0: Called Strike 0-1: Fly out, F9 (Flyball, 9D) | Top of the 6th over - 0 runs, 0 hits, 0 errors, 0 left on base; Vanderbilt 4 - Southern California 10 | BOTTOM OF THE 6TH |
---|
Southern California Trojans batting - Pitching for Vanderbilt Commodores : RHP Chris Harris | Batting: RHB John Fergusson | 0-0: Foul Ball, location: 2F 0-1: Ball 1-1: Ball 2-1: Fly out, F3 (Popup, 3SF) | Batting: LHB Carl Hodge | 0-0: Ball 1-0: Ball 2-0: Ball 3-0: Called Strike 3-1: Called Strike 3-2: Foul Ball, location: 2F 3-2: SOLO HOME RUN (Flyball, 9LD), Distance : 315 ft | Batting: RHB Homer Griffin | 0-0: Ball 1-0: Foul Ball, location: 2F 1-1: Ball 2-1: Ball 3-1: Called Strike 3-2: Ground out 6-3 (Groundball, 6MD) | Batting: RHB Max MacKieson | 0-0: Called Strike 0-1: Ground out 2-3 (Groundball, 15S) | Bottom of the 6th over - 1 run, 1 hit, 0 errors, 0 left on base; Vanderbilt 4 - Southern California 11 | TOP OF THE 7TH |
---|
Vanderbilt Commodores batting - Pitching for Southern California Trojans : LHP Thomas Cole | Batting: SHB Jeremy Finley | 0-0: Called Strike 0-1: Foul Ball, location: 2F 0-2: Foul Ball, location: 2F 0-2: SINGLE (Groundball, 34D) | Batting: RHB Xavier Pérez | 0-0: Ball 1-0: Fielders Choice at 2nd, 6-4 (Groundball, 56) | Batting: RHB Johnny Becker | 0-0: Ball 1-0: Called Strike 1-1: Foul Ball, location: 2F 1-2: Ball 2-2: Strikes out swinging Xavier Pérez is caught stealing 2nd base Batter strikes out. | Top of the 7th over - 0 runs, 1 hit, 0 errors, 0 left on base; Vanderbilt 4 - Southern California 11 | BOTTOM OF THE 7TH |
---|
Southern California Trojans batting - Pitching for Vanderbilt Commodores : RHP Chris Harris | Pitching: RHP António Cordero | | Batting: SHB Will O'Clerkin | 0-0: Ball 1-0: Called Strike 1-1: Called Strike 1-2: Strikes out swinging | Batting: RHB Fletcher López | 0-0: Ball 1-0: Ball 2-0: Ball 3-0: Called Strike 3-1: Ground out 5-3 (Groundball, 56) | Batting: RHB Chris Bennett | 0-0: Called Strike 0-1: Fly out, F7 (Flyball, 78D) | Bottom of the 7th over - 0 runs, 0 hits, 0 errors, 0 left on base; Vanderbilt 4 - Southern California 11 | TOP OF THE 8TH |
---|
Vanderbilt Commodores batting - Pitching for Southern California Trojans : LHP Thomas Cole | Batting: RHB Greg Scott | 0-0: Ball 1-0: Called Strike 1-1: Swinging Strike 1-2: Ball 2-2: Foul Ball, location: 2F 2-2: Reached on error, E3 (Groundball, 34S) | Batting: RHB Jim Harris | 0-0: Ball 1-0: Ball 2-0: Called Strike 2-1: Grounds into double play, 6-4-3 (Groundball, 6) | Batting: LHB Luis Miguel Martínez | 0-0: Called Strike 0-1: Foul Ball, location: 2F 0-2: Ball 1-2: Strikes out swinging | Top of the 8th over - 0 runs, 0 hits, 1 error, 0 left on base; Vanderbilt 4 - Southern California 11 | BOTTOM OF THE 8TH |
---|
Southern California Trojans batting - Pitching for Vanderbilt Commodores : RHP António Cordero | Batting: RHB Keith Jewell | 0-0: Foul Ball, location: 2F 0-1: Foul Ball, location: 2F 0-2: Fly out, F3 (Popup, 34) | Batting: RHB Ben Martínez | 0-0: Called Strike 0-1: Ball 1-1: Swinging Strike 1-2: Strikes out looking | Batting: RHB John Fergusson | 0-0: Ball 1-0: Ball 2-0: Foul Ball, location: 2F 2-1: Ball 3-1: Ground out 1-3 (Groundball, 15) | Bottom of the 8th over - 0 runs, 0 hits, 0 errors, 0 left on base; Vanderbilt 4 - Southern California 11 | TOP OF THE 9TH |
---|
Vanderbilt Commodores batting - Pitching for Southern California Trojans : LHP Thomas Cole | Now in LF: Dan Clements | | Batting: RHB Tom Jones | 0-0: Ball 1-0: Called Strike 1-1: Called Strike 1-2: Ball 2-2: Ball 3-2: Base on Balls | Batting: RHB Sergio Gómez | 0-0: Called Strike 0-1: Ball 1-1: Ball 2-1: Ball Wild Pitch! Tom Jones to second 3-1: Base on Balls | Batting: RHB Roland Murphy | 0-0: Swinging Strike 0-1: Called Strike 0-2: Ball 1-2: Ball 2-2: Foul Ball, location: 2F 2-2: Ball 3-2: Foul Ball, location: 2F 3-2: Base on Balls Tom Jones to third Sergio Gómez to second | Batting: SHB Jeremy Finley | 0-0: Ball 1-0: Grounds into double play, 4-6-3 (Groundball, 4) Tom Jones scores Sergio Gómez to third | Batting: RHB Xavier Pérez | 0-0: Fly out, F8 (Flyball, 8RD) | Top of the 9th over - 1 run, 0 hits, 0 errors, 1 left on base; Vanderbilt 5 - Southern California 11 | |